2674 views
Uploaded 2021-12-27 13:19:32
Game version 1.32.10
6:50 long 3on3 ladder game on (6)StranglethornVale
Saved by xzz
2674 views
Uploaded 2021-12-27 13:19:32
Game version 1.32.10
6:50 long 3on3 ladder game on (6)StranglethornVale


41 units @ 4.4k
/ 0.1k
23 buildings @ 3.8k
/ 1.1k

| Peon | 10 | 750 | / | 0 |
| Troll Headhunter | 7 | 980 | / | 140 |
| total: | 17 | 1730g | / | 140w |
| Orc Burrow | 4 | 640 | / | 160 |
| War Mill | 1 | 205 | / | 0 |
| Barracks | 1 | 180 | / | 50 |
| Altar of Storms | 1 | 180 | / | 50 |
| Voodoo Lounge | 1 | 130 | / | 30 |
| Stronghold | 1 | 315 | / | 190 |
| total: | 8 | 1335g | / | 290w |
| 0:03 | Peon |
| 0:03 | Peon |
| 0:24 | Peon |
| 0:36 | Orc Burrow |
| 0:38 | Peon |
| 0:46 | Peon |
| 0:52 | War Mill |
| 0:58 | Peon |
| 1:08 | Barracks |
| 1:11 | Peon |
| 1:22 | Altar of Storms |
| 1:37 | Orc Burrow |
| 1:53 | Peon |
| 1:56 | Peon |
| 2:09 | Troll Headhunter |
| 2:26 | Troll Headhunter |
| 2:29 | Peon |
| 2:48 | Troll Headhunter |
| 2:59 | Orc Burrow |
| 3:16 | Voodoo Lounge |
| 3:27 | War Stomp |
| 3:29 | Troll Headhunter |
| 3:42 | Troll Headhunter |
| 4:14 | Stronghold |
| 4:29 | Troll Headhunter |
| 5:31 | Endurance Aura |
| 5:46 | Troll Headhunter |
| 5:48 | Steel Ranged Weapons |
| 5:48 | Steel Armor |
| 5:51 | Orc Burrow |
| Right click | 131 |
| Select | 63 |
| Select group | 62 |
| Build/train/purchase | 27 |
| Assign group | 26 |
| Chat | 13 |
| Minimap ping | 3 |
| Remove unit | 1 |

| Healing Salve | 1 | 100 |
| Circlet of Nobility | 1 | 175 |
| total: | 2 | 275g |
| Peon | 7 | 525 | / | 0 |
| Grunt | 3 | 600 | / | 0 |
| total: | 10 | 1125g | / | 0w |
| Altar of Storms | 1 | 180 | / | 50 |
| Orc Burrow | 3 | 480 | / | 120 |
| Barracks | 1 | 180 | / | 50 |
| Voodoo Lounge | 1 | 130 | / | 30 |
| War Mill | 1 | 205 | / | 0 |
| Tauren Totem | 1 | 135 | / | 155 |
| Beastiary | 1 | 145 | / | 140 |
| Stronghold | 1 | 315 | / | 190 |
| total: | 9 | 1455g | / | 545w |
| 0:02 | Altar of Storms |
| 0:04 | Peon |
| 0:05 | Peon |
| 0:20 | Orc Burrow |
| 0:28 | Peon |
| 0:36 | Barracks |
| 0:43 | Peon |
| 0:58 | Peon |
| 1:13 | Peon |
| 1:28 | Orc Burrow |
| 1:37 | Grunt |
| 1:54 | Peon |
| 1:58 | Voodoo Lounge |
| 2:09 | Wind Walk |
| 2:18 | Circlet of Nobility |
| 2:52 | Stronghold |
| 3:04 | Healing Salve |
| 3:24 | Grunt |
| 3:58 | Grunt |
| 4:23 | Critical Strike |
| 4:35 | Orc Burrow |
| 4:38 | War Mill |
| 5:32 | Tauren Totem |
| 5:34 | Beastiary |
| 5:39 | Wind Walk |
| Right click | 220 |
| Select | 94 |
| Select group | 93 |
| Chat | 41 |
| Build/train/purchase | 24 |
| Misc. action | 12 |
| Assign group | 8 |
| Minimap ping | 4 |
| Use ability | 3 |

| Acolyte | 3 | 225 | / | 0 |
| Ghoul | 11 | 1320 | / | 0 |
| total: | 14 | 1545g | / | 0w |
| Nerubian Tower | 1 | 100 | / | 20 |
| Altar of Darkness | 1 | 180 | / | 50 |
| Ziggurat | 3 | 450 | / | 150 |
| Crypt | 2 | 400 | / | 100 |
| total: | 6 | 1030g | / | 300w |
| 0:09 | Acolyte |
| 0:10 | Acolyte |
| 0:15 | Altar of Darkness |
| 0:18 | Ziggurat |
| 0:40 | Crypt |
| 0:51 | Acolyte |
| 1:10 | Crypt |
| 1:40 | Ziggurat |
| 1:48 | Ghoul |
| 2:05 | Ghoul |
| 2:15 | Ghoul |
| 2:26 | Death Coil |
| 2:28 | Ghoul |
| 2:33 | Ziggurat |
| 2:40 | Ghoul |
| 3:02 | Ghoul |
| 3:19 | Nerubian Tower |
| 3:28 | Ghoul |
| 4:45 | Unholy Aura |
| 5:41 | Ghoul |
| 6:22 | Ghoul |
| 6:22 | Ghoul |
| 6:36 | Unholy Aura |
| 6:42 | Cannibalize |
| 6:43 | Ghoul |
| Right click | 314 |
| Select | 76 |
| Chat | 22 |
| Build/train/purchase | 21 |
| Select group | 19 |
| Use ability | 6 |
| Misc. action | 4 |
| Assign group | 3 |
| Minimap ping | 1 |
41 units @ 4.2k
/ 0.2k
21 buildings @ 3.5k
/ 1.1k

| Rod of Necromancy | 1 | 150 |
| total: | 1 | 150g |
| Acolyte | 2 | 150 | / | 0 |
| Ghoul | 4 | 480 | / | 0 |
| Crypt Fiend | 4 | 860 | / | 160 |
| Peasant | 3 | 225 | / | 0 |
| total: | 13 | 1715g | / | 160w |
| Altar of Darkness | 1 | 180 | / | 50 |
| Ziggurat | 3 | 450 | / | 150 |
| Crypt | 1 | 200 | / | 50 |
| Tomb of Relics | 1 | 130 | / | 30 |
| Graveyard | 1 | 215 | / | 0 |
| Slaughterhouse | 1 | 140 | / | 135 |
| Halls of the Dead | 1 | 320 | / | 210 |
| total: | 8 | 1315g | / | 415w |
| 0:03 | Acolyte |
| 0:07 | Altar of Darkness |
| 0:11 | Ziggurat |
| 0:19 | Acolyte |
| 0:36 | Crypt |
| 0:51 | Tomb of Relics |
| 1:11 | Graveyard |
| 1:36 | Ghoul |
| 1:36 | Ghoul |
| 2:17 | Rod of Necromancy |
| 2:35 | Crypt Fiend |
| 2:39 | Halls of the Dead |
| 2:53 | Crypt Fiend |
| 2:57 | Death Coil |
| 3:15 | Ziggurat |
| 3:31 | Ziggurat |
| 4:08 | Crypt Fiend |
| 4:22 | Crypt Fiend |
| 5:07 | Slaughterhouse |
| 5:33 | Ghoul |
| 5:33 | Ghoul |
| 5:47 | Peasant |
| 5:48 | Peasant |
| 5:48 | Peasant |
| Right click | 280 |
| Select | 109 |
| Select group | 73 |
| Build/train/purchase | 27 |
| Chat | 17 |
| Assign group | 12 |
| Misc. action | 11 |
| Use ability | 7 |

| Rod of Necromancy | 1 | 150 |
| total: | 1 | 150g |
| Acolyte | 7 | 525 | / | 0 |
| Ghoul | 4 | 480 | / | 0 |
| total: | 11 | 1005g | / | 0w |
| Nerubian Tower | 1 | 100 | / | 20 |
| Ziggurat | 3 | 450 | / | 150 |
| Crypt | 1 | 200 | / | 50 |
| Altar of Darkness | 1 | 180 | / | 50 |
| Tomb of Relics | 1 | 130 | / | 30 |
| Graveyard | 1 | 215 | / | 0 |
| Halls of the Dead | 1 | 320 | / | 210 |
| total: | 7 | 1175g | / | 280w |
| 0:03 | Acolyte |
| 0:03 | Acolyte |
| 0:19 | Ziggurat |
| 0:23 | Crypt |
| 0:34 | Altar of Darkness |
| 1:08 | Tomb of Relics |
| 1:15 | Ziggurat |
| 1:23 | Ghoul |
| 1:44 | Ghoul |
| 2:02 | Ghoul |
| 2:18 | Ghoul |
| 2:35 | Death Coil |
| 2:48 | Graveyard |
| 3:04 | Acolyte |
| 3:04 | Acolyte |
| 3:04 | Acolyte |
| 3:04 | Acolyte |
| 3:05 | Acolyte |
| 3:29 | Rod of Necromancy |
| 3:46 | Ziggurat |
| 4:02 | Nerubian Tower |
| 5:05 | Unholy Aura |
| 5:20 | Halls of the Dead |
| Right click | 236 |
| Select | 56 |
| Select group | 53 |
| Misc. action | 29 |
| Build/train/purchase | 26 |
| Assign group | 8 |
| Use ability | 4 |

| Peasant | 14 | 1050 | / | 0 |
| Footman | 3 | 405 | / | 0 |
| total: | 17 | 1455g | / | 0w |
| Altar of Kings | 1 | 180 | / | 50 |
| Farm | 3 | 240 | / | 60 |
| Barracks | 1 | 160 | / | 60 |
| Town Hall | 1 | 385 | / | 205 |
| total: | 6 | 965g | / | 375w |
| 0:02 | Peasant |
| 0:02 | Peasant |
| 0:07 | Altar of Kings |
| 0:19 | Farm |
| 0:22 | Peasant |
| 0:34 | Barracks |
| 0:38 | Peasant |
| 0:45 | Farm |
| 0:58 | Peasant |
| 1:14 | Peasant |
| 1:27 | Farm |
| 1:30 | Peasant |
| 1:36 | Footman |
| 1:45 | Peasant |
| 1:50 | Footman |
| 2:01 | Peasant |
| 2:04 | Summon Water Elemental |
| 2:04 | Summon Water Elemental |
| 2:17 | Defend |
| 2:20 | Peasant |
| 2:20 | Peasant |
| 2:41 | Peasant |
| 2:41 | Peasant |
| 2:52 | Brilliance Aura |
| 3:12 | Peasant |
| 3:15 | Town Hall |
| 3:24 | Footman |
| Select | 165 |
| Right click | 117 |
| Select group | 55 |
| Build/train/purchase | 39 |
| Misc. action | 34 |
| Assign group | 5 |
| Minimap ping | 5 |
| Esc | 3 |
⇛